[ PARTIDA AOE2 · #484034524 ]
UnrankedChinos vs Goths
[ ANÁLISIS DE REPETICIÓN · EXTRAÍDO DE LA PARTIDA GRABADA ]
Feudal
10:15
Castillos
26:21
Imperial
39:11
| APM promedio | 33.8 |
| APM pico | 77 |
| eAPM promedio | 15.0 |
| Aldeanos / militares | 131 / 171 |
Foco
⚔️ 31.5% · 🌾 68.5%
Chu Ko Nu ×97 · Fire Lancer ×34 · Archer ×31 · Spearman ×6 · Monk ×3
Feudal
12:51
Castillos
21:27
Imperial
39:51
| APM promedio | 18.6 |
| APM pico | 39 |
| eAPM promedio | 11.3 |
| Aldeanos / militares | 90 / 100 |
Foco
⚔️ 30.1% · 🌾 69.9%
Huskarl ×50 · Spearman ×37 · Militia ×10 · Trade Cart ×2 · Trebuchet (Packed) ×2 · Monk ×1
Feudal
12:22
Castillos
27:15
Imperial
34:18
| APM promedio | 24.1 |
| APM pico | 76 |
| eAPM promedio | 11.7 |
| Aldeanos / militares | 93 / 99 |
Foco
⚔️ 27.2% · 🌾 72.8%
Throwing Axeman ×62 · Knight ×20 · Scout Cavalry ×10 · Archer ×3 · Monk ×2 · Trebuchet (Packed) ×2
Feudal
10:50
Castillos
26:05
Imperial
41:47
| APM promedio | 27.5 |
| APM pico | 54 |
| eAPM promedio | 16.6 |
| Aldeanos / militares | 113 / 212 |
Foco
⚔️ 42.1% · 🌾 57.9%
Skirmisher ×116 · Knight ×39 · Mangonel ×18 · Coustillier ×17 · Archer ×14 · Flemish Militia ×8
Mapa de la partida
Recursos iniciales + cada clic de construcción. Líneas = muros · curvas = relieve. ◆ oro · ⬟ piedra · ● bayas · ✦ reliquia · ◌ hueco del cierre
Tu base· Abierta — flanco sin cerrar
Base de fredysolar· Abierta — flanco sin cerrar
Base de vince.dion123· ✓ Cerrada en 27:15 · 77t muro · 2 puerta(s)
Base de arrow1516· Abierta — hueco de 1t
Terreno inicial suavizado · ◌ = hueco del cierre detectado · pasá el cursor para detalles
Inputs por minuto
— BigOleGiraffe - - fredysolar
Build order — BigOleGiraffe
Primeras 150 de 388 acciones detectadas
| 0:06 | Investigar | Loom |
| 0:47 | Crear | Villager (Male) |
| 1:15 | Crear | Villager (Male) |
| 1:44 | Crear | Villager (Male) |
| 2:07 | Crear | Villager (Male) |
| 2:36 | Crear | Villager (Male) |
| 2:40 | Construir | Lumber Camp |
| 2:54 | Crear | Villager (Male) |
| 3:02 | Construir | House |
| 3:13 | Crear | Villager (Male) |
| 3:50 | Crear | Villager (Male) |
| 4:19 | Crear | Villager (Male) |
| 4:20 | Crear | Villager (Male) |
| 4:53 | Construir | House |
| 4:55 | Crear | Villager (Male) |
| 5:14 | Construir | Mill |
| 5:15 | Crear | Villager (Male) |
| 5:50 | Crear | Villager (Male) |
| 6:10 | Crear | Villager (Male) |
| 6:25 | Crear | Villager (Male) |
| 6:42 | Crear | Villager (Male) |
| 7:01 | Crear | Villager (Male) |
| 7:11 | Crear | Villager (Male) |
| 7:23 | Construir | Farm |
| 7:28 | Construir | Farm |
| 8:02 | Investigar | Feudal Age |
| 8:19 | Construir | House |
| 8:20 | Construir | House |
| 8:36 | Construir | Barracks |
| 8:39 | Crear | Villager (Male) |
| 8:48 | Construir | House |
| 8:51 | Construir | House |
| 8:52 | Construir | House |
| 8:55 | Crear | Villager (Male) |
| 9:22 | Construir | Palisade Wall |
| 9:29 | Construir | Palisade Wall |
| 10:00 | Construir | Mining Camp |
| 10:15 | Crear | Villager (Male) |
| 10:15 | Edad | Edad Feudal |
| 10:37 | Construir | Archery Range |
| 10:51 | Construir | Farm |
| 11:03 | Construir | House |
| 11:21 | Investigar | Double-Bit Axe |
| 11:31 | Crear | Villager (Male) |
| 11:31 | Crear | Villager (Male) |
| 11:31 | Crear | Villager (Male) |
| 11:44 | Crear | Archer |
| 12:01 | Crear | Villager (Male) |
| 12:10 | Investigar | Wheelbarrow |
| 12:23 | Construir | Palisade Wall |
| 12:28 | Construir | Palisade Gate |
| 12:31 | Crear | Archer |
| 12:31 | Crear | Archer |
| 12:34 | Crear | Villager (Male) |
| 12:56 | Construir | Lumber Camp |
| 12:58 | Crear | Villager (Male) |
| 12:59 | Crear | Villager (Male) |
| 13:55 | Construir | Palisade Wall |
| 14:04 | Construir | Farm |
| 14:05 | Construir | Farm |
| 14:05 | Construir | Farm |
| 14:05 | Construir | Farm |
| 14:05 | Construir | Farm |
| 14:06 | Construir | Farm |
| 14:06 | Crear | Villager (Male) |
| 14:07 | Crear | Villager (Male) |
| 14:20 | Crear | Archer |
| 14:21 | Crear | Archer |
| 14:21 | Crear | Archer |
| 14:25 | Crear | Spearman |
| 14:25 | Crear | Spearman |
| 14:41 | Crear | Archer |
| 14:57 | Construir | Blacksmith |
| 15:02 | Crear | Villager (Male) |
| 15:07 | Construir | Farm |
| 15:07 | Construir | Farm |
| 15:07 | Construir | Farm |
| 15:09 | Crear | Villager (Male) |
| 15:12 | Crear | Archer |
| 15:18 | Crear | Spearman |
| 15:41 | Crear | Villager (Male) |
| 15:52 | Investigar | Fletching |
| 16:31 | Crear | Villager (Male) |
| 16:32 | Crear | Archer |
| 16:48 | Construir | Palisade Wall |
| 17:07 | Crear | Archer |
| 17:49 | Crear | Archer |
| 17:54 | Crear | Spearman |
| 18:06 | Crear | Villager (Male) |
| 18:06 | Crear | Villager (Male) |
| 18:08 | Investigar | Padded Archer Armor |
| 18:14 | Crear | Villager (Male) |
| 18:18 | Crear | Archer |
| 18:18 | Crear | Archer |
| 18:24 | Construir | Mill |
| 18:24 | Construir | Farm |
| 18:25 | Construir | Farm |
| 18:25 | Construir | Farm |
| 18:25 | Construir | Farm |
| 18:25 | Construir | Farm |
| 18:26 | Construir | Farm |
| 18:26 | Construir | Farm |
| 18:26 | Construir | Farm |
| 18:30 | Investigar | Horse Collar |
| 18:43 | Construir | House |
| 18:44 | Construir | House |
| 18:59 | Crear | Villager (Male) |
| 19:09 | Construir | House |
| 19:16 | Construir | House |
| 19:16 | Crear | Villager (Male) |
| 19:30 | Crear | Spearman |
| 19:30 | Crear | Spearman |
| 20:24 | Crear | Villager (Male) |
| 20:25 | Crear | Villager (Male) |
| 20:33 | Construir | Farm |
| 20:33 | Construir | Farm |
| 20:34 | Construir | Farm |
| 20:34 | Construir | Farm |
| 20:34 | Construir | Farm |
| 20:34 | Construir | Farm |
| 20:35 | Construir | Farm |
| 21:53 | Crear | Villager (Male) |
| 21:53 | Crear | Villager (Male) |
| 22:01 | Construir | Mill |
| 22:01 | Construir | Farm |
| 22:02 | Construir | Farm |
| 22:02 | Construir | Farm |
| 22:02 | Construir | Farm |
| 22:02 | Construir | Farm |
| 22:03 | Construir | Farm |
| 23:16 | Crear | Villager (Male) |
| 23:16 | Crear | Villager (Male) |
| 23:17 | Crear | Villager (Male) |
| 23:19 | Investigar | Castle Age |
| 24:21 | Crear | Villager (Male) |
| 24:32 | Construir | Palisade Gate |
| 24:40 | Construir | Palisade Wall |
| 24:43 | Construir | Palisade Wall |
| 24:43 | Crear | Villager (Male) |
| 24:44 | Crear | Villager (Male) |
| 24:54 | Construir | Mining Camp |
| 24:59 | Investigar | Stone Mining |
| 25:00 | Investigar | Gold Mining |
| 25:02 | Construir | Farm |
| 25:03 | Crear | Villager (Male) |
| 25:10 | Construir | House |
| 25:11 | Construir | House |
| 25:12 | Construir | House |
| 25:18 | Crear | Archer |
| 25:18 | Crear | Archer |
Build order — fredysolar
Primeras 150 de 319 acciones detectadas
| 0:08 | Crear | Villager (Male) |
| 0:09 | Crear | Villager (Male) |
| 0:09 | Crear | Villager (Male) |
| 0:11 | Construir | House |
| 0:12 | Construir | House |
| 0:50 | Crear | Villager (Male) |
| 2:02 | Crear | Villager (Male) |
| 2:02 | Crear | Villager (Male) |
| 2:21 | Crear | Villager (Male) |
| 2:45 | Crear | Villager (Male) |
| 3:13 | Crear | Villager (Male) |
| 3:17 | Crear | Villager (Male) |
| 3:30 | Construir | House |
| 4:23 | Construir | Lumber Camp |
| 4:30 | Crear | Villager (Male) |
| 4:31 | Crear | Villager (Male) |
| 4:59 | Construir | House |
| 5:05 | Crear | Villager (Male) |
| 5:29 | Crear | Villager (Male) |
| 5:38 | Construir | Mill |
| 5:52 | Crear | Villager (Male) |
| 6:28 | Crear | Villager (Male) |
| 6:58 | Crear | Villager (Male) |
| 7:05 | Crear | Villager (Male) |
| 7:49 | Crear | Villager (Male) |
| 8:15 | Construir | Barracks |
| 8:28 | Crear | Villager (Male) |
| 9:10 | Crear | Villager (Male) |
| 9:15 | Construir | House |
| 9:49 | Construir | Mining Camp |
| 9:51 | Crear | Villager (Male) |
| 10:13 | Crear | Villager (Male) |
| 10:37 | Investigar | Feudal Age |
| 10:39 | Crear | Militia |
| 10:40 | Crear | Militia |
| 10:40 | Crear | Militia |
| 10:58 | Construir | House |
| 10:59 | Construir | House |
| 11:41 | Crear | Militia |
| 11:52 | Crear | Militia |
| 12:03 | Construir | Farm |
| 12:08 | Construir | Farm |
| 12:16 | Construir | Farm |
| 12:23 | Crear | Militia |
| 12:28 | Construir | Farm |
| 12:49 | Construir | House |
| 12:51 | Edad | Edad Feudal |
| 12:53 | Investigar | Wheelbarrow |
| 12:58 | Investigar | Man-at-Arms (upgrade) |
| 13:35 | Construir | Farm |
| 13:51 | Construir | Farm |
| 13:55 | Investigar | Double-Bit Axe |
| 14:24 | Crear | Villager (Male) |
| 14:34 | Construir | Blacksmith |
| 15:05 | Crear | Villager (Male) |
| 15:07 | Construir | Farm |
| 15:08 | Crear | Villager (Male) |
| 15:41 | Crear | Villager (Male) |
| 15:43 | Investigar | Forging |
| 15:47 | Construir | Farm |
| 15:54 | Construir | Lumber Camp |
| 15:56 | Construir | Farm |
| 17:22 | Crear | Villager (Male) |
| 17:26 | Construir | Farm |
| 17:31 | Construir | Market |
| 17:32 | Crear | Villager (Male) |
| 17:48 | Crear | Villager (Male) |
| 17:56 | Construir | House |
| 17:57 | Construir | House |
| 18:01 | Construir | House |
| 18:01 | Construir | House |
| 18:03 | Construir | House |
| 18:04 | Construir | House |
| 18:07 | Construir | House |
| 18:31 | Construir | Farm |
| 18:34 | Construir | Farm |
| 18:36 | Construir | Farm |
| 18:47 | Investigar | Castle Age |
| 18:53 | Construir | Mining Camp |
| 18:56 | Investigar | Horse Collar |
| 19:25 | Investigar | Stone Mining |
| 19:40 | Crear | Spearman |
| 19:40 | Crear | Spearman |
| 20:09 | Crear | Spearman |
| 20:18 | Construir | Barracks |
| 20:28 | Investigar | Scale Mail Armor |
| 20:36 | Crear | Spearman |
| 20:39 | Crear | Spearman |
| 20:55 | Crear | Spearman |
| 21:06 | Crear | Spearman |
| 21:06 | Crear | Spearman |
| 21:27 | Edad | Edad de los Castillos |
| 21:45 | Investigar | Pikeman (upgrade) |
| 21:49 | Crear | Villager (Male) |
| 21:56 | Investigar | Stone Shaft Mining |
| 22:42 | Construir | Town Center |
| 23:07 | Crear | Militia |
| 23:07 | Crear | Militia |
| 23:13 | Investigar | Bow Saw |
| 23:15 | Crear | Villager (Male) |
| 23:16 | Crear | Villager (Male) |
| 23:54 | Crear | Villager (Male) |
| 24:38 | Crear | Spearman |
| 24:38 | Crear | Spearman |
| 24:39 | Crear | Spearman |
| 25:12 | Crear | Spearman |
| 25:13 | Crear | Spearman |
| 25:13 | Crear | Spearman |
| 25:57 | Investigar | Squires |
| 26:02 | Crear | Villager (Male) |
| 26:02 | Crear | Villager (Male) |
| 26:02 | Crear | Villager (Male) |
| 26:04 | Crear | Villager (Male) |
| 26:34 | Crear | Spearman |
| 26:34 | Crear | Spearman |
| 26:35 | Crear | Spearman |
| 26:53 | Crear | Villager (Male) |
| 26:53 | Crear | Villager (Male) |
| 26:59 | Investigar | Iron Casting |
| 27:02 | Investigar | Chain Mail Armor |
| 27:53 | Construir | Castle |
| 28:02 | Crear | Trade Cart |
| 28:02 | Crear | Trade Cart |
| 29:19 | Crear | Villager (Male) |
| 29:20 | Crear | Villager (Male) |
| 29:20 | Crear | Villager (Male) |
| 29:20 | Crear | Villager (Male) |
| 29:31 | Crear | Spearman |
| 29:31 | Crear | Spearman |
| 29:31 | Crear | Spearman |
| 29:32 | Crear | Spearman |
| 29:34 | Crear | Spearman |
| 29:39 | Crear | Villager (Male) |
| 29:42 | Crear | Villager (Male) |
| 30:22 | Construir | Town Center |
| 30:29 | Crear | Villager (Male) |
| 30:37 | Crear | Villager (Male) |
| 30:40 | Crear | Spearman |
| 30:40 | Crear | Spearman |
| 30:41 | Crear | Spearman |
| 30:42 | Crear | Spearman |
| 31:21 | Crear | Spearman |
| 31:21 | Crear | Spearman |
| 31:46 | Construir | Castle |
| 31:51 | Investigar | Hand Cart |
| 31:52 | Crear | Villager (Male) |
| 31:54 | Crear | Villager (Male) |
| 31:55 | Crear | Villager (Male) |
| 32:23 | Crear | Spearman |
| 32:23 | Crear | Spearman |
Build order — vince.dion123
Primeras 150 de 259 acciones detectadas
| 0:02 | Crear | Villager (Male) |
| 0:02 | Crear | Villager (Male) |
| 0:05 | Construir | House |
| 0:27 | Construir | House |
| 0:29 | Construir | House |
| 0:31 | Construir | House |
| 0:43 | Crear | Villager (Male) |
| 0:43 | Crear | Villager (Male) |
| 1:34 | Crear | Villager (Male) |
| 2:03 | Construir | Mill |
| 2:33 | Crear | Villager (Male) |
| 3:02 | Crear | Villager (Male) |
| 3:32 | Crear | Villager (Male) |
| 3:38 | Crear | Villager (Male) |
| 4:23 | Crear | Villager (Male) |
| 4:23 | Crear | Villager (Male) |
| 5:03 | Crear | Villager (Male) |
| 5:03 | Crear | Villager (Male) |
| 5:14 | Crear | Villager (Male) |
| 5:14 | Crear | Villager (Male) |
| 5:39 | Crear | Villager (Male) |
| 5:58 | Crear | Villager (Male) |
| 6:22 | Construir | Lumber Camp |
| 6:33 | Crear | Villager (Male) |
| 6:33 | Crear | Villager (Male) |
| 6:41 | Crear | Villager (Male) |
| 7:05 | Crear | Villager (Male) |
| 7:37 | Construir | Barracks |
| 7:51 | Crear | Villager (Male) |
| 7:51 | Crear | Villager (Male) |
| 7:57 | Investigar | Loom |
| 8:41 | Construir | House |
| 8:47 | Construir | House |
| 8:48 | Construir | House |
| 10:12 | Investigar | Feudal Age |
| 10:40 | Construir | Palisade Wall |
| 10:47 | Construir | Palisade Gate |
| 11:17 | Construir | Palisade Wall |
| 11:34 | Crear | Villager (Male) ×4 |
| 12:01 | Construir | Palisade Wall |
| 12:04 | Construir | Palisade Gate |
| 12:13 | Construir | Palisade Wall |
| 12:22 | Edad | Edad Feudal |
| 12:24 | Construir | Palisade Wall |
| 12:26 | Construir | Palisade Gate |
| 12:36 | Construir | Farm |
| 12:37 | Construir | Farm |
| 12:37 | Construir | Farm |
| 12:38 | Construir | Farm |
| 12:39 | Construir | Farm |
| 12:44 | Investigar | Double-Bit Axe |
| 13:13 | Construir | Mining Camp |
| 13:30 | Construir | Farm |
| 13:36 | Crear | Villager (Male) |
| 13:51 | Construir | Stable |
| 14:02 | Construir | Farm |
| 14:03 | Construir | Farm |
| 14:04 | Construir | Farm |
| 14:04 | Construir | Farm |
| 14:43 | Crear | Scout Cavalry |
| 14:43 | Crear | Scout Cavalry |
| 14:45 | Crear | Villager (Male) |
| 14:45 | Crear | Villager (Male) |
| 14:46 | Crear | Villager (Male) |
| 15:44 | Construir | Archery Range |
| 16:07 | Construir | Palisade Wall |
| 16:36 | Crear | Archer |
| 16:36 | Crear | Archer |
| 16:36 | Crear | Archer |
| 16:50 | Construir | Palisade Wall |
| 16:54 | Construir | Palisade Wall |
| 17:20 | Construir | Palisade Wall |
| 17:49 | Construir | Mining Camp |
| 17:58 | Investigar | Wheelbarrow |
| 18:00 | Crear | Villager (Male) ×5 |
| 18:06 | Construir | Farm |
| 18:06 | Construir | Farm |
| 18:07 | Construir | Farm |
| 18:07 | Construir | Farm |
| 18:08 | Construir | Farm |
| 18:16 | Construir | Farm |
| 18:38 | Crear | Scout Cavalry ×3 |
| 18:50 | Construir | Farm |
| 18:50 | Construir | Farm |
| 18:59 | Construir | House |
| 19:01 | Construir | House |
| 19:32 | Construir | Blacksmith |
| 19:38 | Crear | Villager (Male) |
| 19:38 | Crear | Villager (Male) |
| 20:08 | Crear | Scout Cavalry |
| 20:09 | Crear | Scout Cavalry |
| 20:41 | Investigar | Forging |
| 20:42 | Investigar | Scale Barding Armor |
| 21:16 | Construir | Farm |
| 21:17 | Construir | Farm |
| 21:17 | Construir | Farm |
| 22:04 | Crear | Scout Cavalry |
| 22:05 | Crear | Scout Cavalry |
| 22:11 | Construir | House |
| 22:12 | Construir | House |
| 22:13 | Construir | House |
| 22:14 | Construir | House |
| 22:15 | Construir | House |
| 22:24 | Construir | Farm |
| 22:24 | Construir | Farm |
| 24:35 | Investigar | Castle Age |
| 24:35 | Crear | Villager (Male) ×5 |
| 24:41 | Investigar | Stone Mining |
| 24:52 | Crear | Villager (Male) |
| 24:53 | Crear | Villager (Male) |
| 26:23 | Construir | House |
| 26:25 | Construir | House |
| 26:38 | Construir | House |
| 26:39 | Construir | House |
| 26:44 | Investigar | Scale Mail Armor |
| 26:48 | Investigar | Gold Mining |
| 27:15 | Edad | Edad de los Castillos |
| 28:04 | Construir | Castle |
| 28:28 | Investigar | Fletching |
| 30:11 | Construir | Town Center |
| 30:18 | Crear | Villager (Male) |
| 30:18 | Crear | Villager (Male) |
| 30:18 | Crear | Villager (Male) |
| 30:19 | Crear | Villager (Male) |
| 30:44 | Investigar | Gold Shaft Mining |
| 30:49 | Crear | Throwing Axeman ×5 |
| 30:53 | Investigar | Imperial Age |
| 30:56 | Crear | Villager (Male) ×3 |
| 31:44 | Investigar | Arson |
| 31:58 | Construir | Monastery |
| 32:19 | Crear | Throwing Axeman ×5 |
| 32:39 | Construir | Farm |
| 32:52 | Crear | Villager (Male) ×4 |
| 32:56 | Crear | Monk |
| 33:24 | Construir | Palisade Gate |
| 34:05 | Crear | Scout Cavalry |
| 34:18 | Edad | Edad Imperial |
| 34:24 | Construir | Castle |
| 34:27 | Construir | Mining Camp |
| 35:08 | Crear | Monk |
| 35:11 | Investigar | Town Watch |
| 35:12 | Crear | Villager (Male) ×5 |
| 35:15 | Crear | Villager (Male) |
| 35:16 | Crear | Villager (Male) |
| 35:16 | Crear | Villager (Male) |
| 35:43 | Construir | Palisade Wall |
| 35:50 | Investigar | Bow Saw |
| 36:01 | Investigar | Conscription |
| 36:04 | Investigar | Bearded Axe |
| 36:40 | Investigar | Hand Cart |
Build order — arrow1516
Primeras 150 de 479 acciones detectadas
| 0:06 | Crear | Villager (Male) |
| 0:06 | Crear | Villager (Male) |
| 0:06 | Crear | Villager (Male) |
| 0:09 | Crear | Villager (Male) |
| 0:09 | Crear | Villager (Male) |
| 0:22 | Construir | House |
| 0:23 | Construir | House |
| 0:24 | Construir | House |
| 2:18 | Crear | Villager (Male) |
| 2:18 | Crear | Villager (Male) |
| 2:50 | Crear | Villager (Male) |
| 2:50 | Crear | Villager (Male) |
| 3:32 | Crear | Villager (Male) |
| 3:33 | Crear | Villager (Male) |
| 4:08 | Crear | Villager (Male) |
| 4:08 | Crear | Villager (Male) |
| 4:28 | Crear | Villager (Male) |
| 4:45 | Crear | Villager (Male) |
| 5:02 | Construir | Mill |
| 5:12 | Crear | Villager (Male) |
| 5:35 | Construir | Lumber Camp |
| 5:39 | Crear | Villager (Male) |
| 5:39 | Crear | Villager (Male) |
| 5:53 | Construir | House |
| 6:06 | Crear | Villager (Male) |
| 6:06 | Crear | Villager (Male) |
| 6:43 | Crear | Villager (Male) |
| 6:44 | Crear | Villager (Male) |
| 7:04 | Crear | Villager (Male) |
| 7:15 | Crear | Villager (Male) |
| 8:27 | Investigar | Feudal Age |
| 8:40 | Construir | House |
| 8:41 | Construir | House |
| 9:19 | Construir | House |
| 9:20 | Construir | House |
| 9:38 | Investigar | Double-Bit Axe |
| 9:54 | Construir | Palisade Wall |
| 10:39 | Construir | Lumber Camp |
| 10:48 | Construir | Barracks |
| 10:50 | Edad | Edad Feudal |
| 10:53 | Crear | Villager (Male) |
| 10:53 | Crear | Villager (Male) |
| 10:54 | Crear | Villager (Male) |
| 10:56 | Crear | Villager (Male) |
| 11:10 | Construir | Farm |
| 11:31 | Construir | Farm |
| 11:40 | Crear | Villager (Male) |
| 11:54 | Construir | Farm |
| 11:57 | Crear | Villager (Male) |
| 12:10 | Construir | Farm |
| 12:15 | Construir | Farm |
| 12:19 | Construir | Farm |
| 12:22 | Investigar | Horse Collar |
| 12:33 | Construir | Archery Range |
| 12:48 | Construir | Mill |
| 13:01 | Construir | House |
| 13:03 | Construir | House |
| 13:06 | Crear | Villager (Male) |
| 13:06 | Crear | Villager (Male) |
| 13:12 | Construir | Farm |
| 13:14 | Construir | Farm |
| 13:31 | Construir | Farm |
| 13:35 | Crear | Villager (Male) |
| 13:48 | Construir | Palisade Wall |
| 13:51 | Crear | Villager (Male) |
| 13:51 | Crear | Villager (Male) |
| 13:57 | Construir | Farm |
| 14:18 | Crear | Skirmisher |
| 14:19 | Crear | Skirmisher |
| 14:19 | Crear | Skirmisher |
| 14:29 | Construir | Archery Range |
| 14:43 | Crear | Villager (Male) |
| 14:53 | Construir | Mill |
| 14:56 | Crear | Villager (Male) |
| 15:07 | Construir | Farm |
| 15:08 | Construir | Farm |
| 15:25 | Construir | Market |
| 15:32 | Construir | Farm |
| 15:42 | Construir | Farm |
| 15:44 | Crear | Villager (Male) |
| 15:44 | Crear | Villager (Male) |
| 15:49 | Investigar | Wheelbarrow |
| 15:59 | Crear | Skirmisher |
| 15:59 | Crear | Skirmisher |
| 15:59 | Crear | Skirmisher |
| 16:04 | Crear | Villager (Male) |
| 16:05 | Crear | Villager (Male) |
| 16:29 | Crear | Skirmisher |
| 16:29 | Crear | Skirmisher |
| 16:29 | Crear | Skirmisher |
| 16:32 | Crear | Skirmisher |
| 16:33 | Crear | Villager (Male) |
| 16:39 | Construir | House |
| 16:41 | Construir | House |
| 16:42 | Construir | House |
| 16:49 | Crear | Skirmisher |
| 16:49 | Crear | Skirmisher |
| 16:57 | Crear | Villager (Male) |
| 17:08 | Crear | Villager (Male) |
| 17:41 | Crear | Villager (Male) |
| 17:55 | Construir | Mill |
| 17:59 | Construir | Farm |
| 18:00 | Construir | Farm |
| 18:02 | Construir | Farm |
| 18:03 | Construir | Farm |
| 18:20 | Construir | Palisade Wall |
| 18:24 | Construir | Palisade Wall |
| 18:29 | Investigar | Heavy Plow |
| 18:37 | Crear | Skirmisher |
| 18:37 | Crear | Skirmisher |
| 18:37 | Crear | Skirmisher |
| 18:38 | Crear | Skirmisher |
| 18:42 | Crear | Villager (Male) |
| 18:42 | Crear | Villager (Male) |
| 19:19 | Crear | Skirmisher |
| 19:19 | Crear | Skirmisher |
| 19:25 | Crear | Villager (Male) |
| 19:32 | Investigar | Bow Saw |
| 19:41 | Crear | Villager (Male) |
| 19:41 | Crear | Villager (Male) |
| 20:24 | Crear | Skirmisher |
| 20:24 | Crear | Skirmisher |
| 20:33 | Construir | Mining Camp |
| 20:37 | Crear | Skirmisher |
| 20:37 | Crear | Skirmisher |
| 20:44 | Crear | Villager (Male) |
| 20:45 | Crear | Villager (Male) |
| 21:19 | Crear | Flemish Militia |
| 21:19 | Crear | Flemish Militia |
| 21:19 | Crear | Flemish Militia |
| 21:46 | Crear | Flemish Militia |
| 21:49 | Crear | Skirmisher |
| 21:49 | Crear | Skirmisher |
| 21:49 | Crear | Skirmisher |
| 22:05 | Construir | Watch Tower |
| 22:33 | Crear | Skirmisher |
| 22:33 | Crear | Skirmisher |
| 22:34 | Crear | Skirmisher |
| 22:34 | Crear | Skirmisher |
| 22:49 | Construir | Palisade Gate |
| 23:25 | Investigar | Castle Age |
| 23:37 | Construir | Lumber Camp |
| 24:40 | Construir | Mining Camp |
| 24:54 | Crear | Flemish Militia |
| 24:54 | Crear | Flemish Militia |
| 24:57 | Crear | Flemish Militia |
| 24:57 | Crear | Flemish Militia |
| 25:32 | Investigar | Stone Mining |
| 25:34 | Construir | Farm |
| 26:05 | Edad | Edad de los Castillos |
Cronología de la partida
| 7:37 | vince.dion123 · first_building Barracks |
| 8:15 | fredysolar · first_building Barracks |
| 8:36 | BigOleGiraffe · first_building Barracks |
| 9:22 | BigOleGiraffe · wall_segment Palisade Wall x2 |
| 9:29 | BigOleGiraffe · wall_segment Palisade Wall x9 |
| 9:54 | arrow1516 · wall_segment Palisade Wall x8 |
| 10:15 | BigOleGiraffe · age_up feudal |
| 10:37 | BigOleGiraffe · first_building Archery Range |
| 10:40 | vince.dion123 · wall_segment Palisade Wall x17 |
| 10:48 | arrow1516 · first_building Barracks |
| 10:50 | arrow1516 · age_up feudal |
| 11:17 | vince.dion123 · wall_segment Palisade Wall x9 |
| 12:01 | vince.dion123 · wall_segment Palisade Wall x14 |
| 12:13 | vince.dion123 · wall_segment Palisade Wall x9 |
| 12:22 | vince.dion123 · age_up feudal |
| 12:23 | BigOleGiraffe · wall_segment Palisade Wall x12 |
| 12:24 | vince.dion123 · wall_segment Palisade Wall x22 |
| 12:33 | arrow1516 · first_building Archery Range |
| 12:51 | fredysolar · age_up feudal |
| 13:48 | arrow1516 · wall_segment Palisade Wall x5 |
| 13:51 | vince.dion123 · first_building Stable |
| 13:55 | BigOleGiraffe · wall_segment Palisade Wall x13 |
| 15:44 | vince.dion123 · first_building Archery Range |
| 16:07 | vince.dion123 · wall_segment Palisade Wall x3 |
| 16:48 | BigOleGiraffe · wall_segment Palisade Wall x9 |
| 16:50 | vince.dion123 · wall_segment Palisade Wall x1 |
| 16:54 | vince.dion123 · wall_segment Palisade Wall x3 |
| 17:20 | vince.dion123 · wall_segment Palisade Wall x1 |
| 18:20 | arrow1516 · wall_segment Palisade Wall x16 |
| 18:24 | arrow1516 · wall_segment Palisade Wall x13 |
| 18:43 | fredysolar · first_market_buy 100 food |
| 21:27 | fredysolar · age_up castle |
| 23:21 | arrow1516 · first_market_sell 100 wood |
| 24:40 | BigOleGiraffe · wall_segment Palisade Wall x7 |
| 24:43 | BigOleGiraffe · wall_segment Palisade Wall x5 |
| 26:05 | arrow1516 · age_up castle |
| 26:21 | BigOleGiraffe · age_up castle |
| 27:15 | vince.dion123 · age_up castle |
| 27:53 | fredysolar · first_building Castle |
| 28:04 | vince.dion123 · first_building Castle |
| 28:39 | arrow1516 · first_building Castle |
| 30:01 | arrow1516 · first_building Stable |
| 30:25 | BigOleGiraffe · first_building Castle |
| 31:12 | BigOleGiraffe · first_building Monastery |
| 31:58 | vince.dion123 · first_building Monastery |
| 34:18 | vince.dion123 · age_up imperial |
| 35:43 | vince.dion123 · wall_segment Palisade Wall x1 |
| 39:11 | BigOleGiraffe · age_up imperial |
| 39:51 | fredysolar · age_up imperial |
| 39:58 | fredysolar · first_building Siege Workshop |
| 40:22 | fredysolar · first_building Stable |
| 40:59 | fredysolar · first_building Archery Range |
| 41:47 | arrow1516 · age_up imperial |
| 46:10 | fredysolar · first_building Monastery |
| 46:16 | arrow1516 · first_building Monastery |
| 47:55 | arrow1516 · first_building Siege Workshop |
| 53:33 | arrow1516 · resign |
[ ANÁLISIS IA · 1 CRÉDITO ]
¿Qué pasó realmente en esta partida?
Wolo.gg analiza cada decisión: build order, eco, micro, errores típicos por bracket. Análisis personalizado por WhatsApp o Discord en 30 segundos.
Guía civ
Chinos
Perfil
BigOleGiraffe